General information
- name: BNet
- type: Ladder team game (AT/RT)
- host: Battle.net
- saver: BEAR_AND
map: Highperch
- players: 6
- length: 62:30
- speed: Fast
- version: 1.21 W3XP
- replay type:

» download(447 KB)
Players
team 1 (winner)
BEAR_AND (
green | 81 APM | 5081 actions | 62:30)
6 Blademaster
3 Wind Walk
2 Critical Strike
1 Bladestorm
» actions
| Assign group hotkey | 10 | |
| Basic commands | 37 | |
| Build / train | 64 | |
| Enter build submenu | 35 | |
| Enter hero's abilities submenu | 6 | |
| Give item / drop item | 2 | |
| Remove unit from queue | 4 | |
| Right click | 3676 | |
| Select / deselect | 388 | |
| Select group hotkey | 676 | |
| Use ability | 183 | |
5081 total
» units
» upgrades
| Ranged Weapons | 3 | |
| Liquid Fire | 1 | |
| Armor | 1 | |
5 total
» buildings
| Altar of Storms | 1 | |
| Orc Burrow | 4 | |
| War Mill | 1 | |
| Watch Tower | 26 | |
| Stronghold | 1 | |
| Voodoo Lounge | 2 | |
| Beastiary | 2 | |
| Fortress | 1 | |
38 total
» build order
00:06 Altar of Storms
00:17 Orc Burrow
00:37 War Mill
01:50 Watch Tower
02:26 Watch Tower
02:56 Watch Tower
03:01 Watch Tower
03:03 Watch Tower
03:34 Stronghold
03:56 Voodoo Lounge
04:00 Voodoo Lounge
04:17 Watch Tower
04:49 Watch Tower
05:03 Watch Tower
05:35 Watch Tower
05:59 Watch Tower
06:00 Watch Tower
06:05 Beastiary
06:46 Watch Tower
06:48 Watch Tower
07:05 Watch Tower
08:34 Beastiary
08:40 Watch Tower
08:54 Orc Burrow
09:12 Fortress
10:12 Watch Tower
11:12 Orc Burrow
11:17 Orc Burrow
15:10 Watch Tower
15:11 Watch Tower
17:10 Watch Tower
17:10 Watch Tower
17:11 Watch Tower
17:12 Watch Tower
19:33 Watch Tower
19:36 Watch Tower
19:37 Watch Tower
19:38 Watch Tower
» items
| Healing Salve | 4 | |
| Lesser Clarity Potion | 10 | |
| Orb of Lightning | 1 | |
| Potion of Lesser Invulnerability | 1 | |
16 total
iggy_the_fisk (
purple | 109 APM | 6839 actions | 62:29)
5 Archmage
2 Blizzard
2 Brilliance Aura
1 Mass Teleport
4 Mountain King
2 Storm Bolt
2 Bash
» actions
| Assign group hotkey | 396 | |
| Basic commands | 27 | |
| Build / train | 117 | |
| Enter build submenu | 67 | |
| Enter hero's abilities submenu | 9 | |
| Give item / drop item | 4 | |
| Right click | 3840 | |
| Select / deselect | 504 | |
| Select group hotkey | 1555 | |
| Use ability | 320 | |
6839 total
» units
| Peasant | 20 | |
| Dragonhawk Rider | 21 | |
41 total
» upgrades
| Masonry | 3 | |
| Lumber Harvesting | 2 | |
| Magic Sentry | 1 | |
| Animal War Training | 1 | |
| Swords | 3 | |
| Armor | 3 | |
| Cloud | 1 | |
14 total
» buildings
| Altar of Kings | 1 | |
| Lumber Mill | 1 | |
| Farm | 16 | |
| Scout Tower | 37 | |
| Arcane Tower | 3 | |
| Guard Tower | 27 | |
| Arcane Vault | 2 | |
| Keep | 1 | |
| Castle | 1 | |
| Arcane Sanctum | 1 | |
| Gryphon Aviary | 2 | |
| Barracks | 1 | |
| Blacksmith | 1 | |
| Town Hall | 1 | |
95 total
» build order
00:07 Altar of Kings
00:19 Lumber Mill
00:26 Farm
01:28 Farm
01:35 Scout Tower
02:00 Arcane Tower
02:01 Arcane Tower
02:03 Scout Tower
02:24 Scout Tower
02:29 Scout Tower
02:31 Guard Tower
02:33 Scout Tower
02:52 Arcane Tower
03:04 Guard Tower
03:07 Scout Tower
03:09 Scout Tower
03:58 Guard Tower
03:59 Guard Tower
03:59 Guard Tower
04:01 Guard Tower
04:02 Arcane Vault
04:04 Scout Tower
04:29 Keep
04:45 Scout Tower
04:45 Guard Tower
05:51 Scout Tower
05:53 Scout Tower
05:55 Scout Tower
06:11 Scout Tower
06:12 Guard Tower
06:14 Scout Tower
06:20 Guard Tower
06:20 Guard Tower
06:22 Guard Tower
06:22 Guard Tower
06:24 Scout Tower
06:26 Scout Tower
06:39 Guard Tower
06:40 Scout Tower
06:42 Scout Tower
06:45 Guard Tower
06:46 Scout Tower
07:07 Guard Tower
07:08 Scout Tower
07:17 Guard Tower
07:37 Guard Tower
08:32 Castle
08:35 Farm
08:41 Farm
08:44 Farm
08:49 Arcane Sanctum
09:28 Farm
10:12 Arcane Vault
10:15 Guard Tower
10:16 Scout Tower
10:19 Scout Tower
10:48 Guard Tower
10:49 Scout Tower
10:51 Scout Tower
10:52 Scout Tower
12:15 Guard Tower
12:17 Scout Tower
12:19 Guard Tower
12:20 Scout Tower
13:13 Gryphon Aviary
13:16 Gryphon Aviary
13:20 Guard Tower
13:26 Scout Tower
13:32 Scout Tower
14:50 Barracks
14:52 Blacksmith
15:03 Scout Tower
15:05 Scout Tower
15:18 Scout Tower
15:52 Guard Tower
15:55 Town Hall
15:58 Farm
15:59 Farm
16:00 Farm
16:00 Farm
16:22 Guard Tower
22:04 Scout Tower
22:11 Scout Tower
22:14 Scout Tower
22:53 Guard Tower
23:20 Scout Tower
23:52 Scout Tower
24:15 Guard Tower
44:57 Farm
45:03 Farm
45:04 Farm
45:06 Farm
45:07 Farm
45:41 Farm
» items
| Healing Salve | 3 | |
| Lesser Clarity Potion | 2 | |
| Scroll of Regeneration | 2 | |
| Staff of Sanctuary | 2 | |
| Boots of Speed | 2 | |
| Staff of Teleportation | 2 | |
| Scroll of Town Portal | 2 | |
| Orb of Lightning | 2 | |
17 total
TIMG4STRok (
blue | 108 APM | 6208 actions | 57:28)
5 Archmage
3 Blizzard
2 Brilliance Aura
5 Beastmaster
2 Summon Quilbeast
3 Summon Hawk
» actions
| Assign group hotkey | 38 | |
| Basic commands | 249 | |
| Build / train | 108 | |
| ESC pressed | 1 | |
| Enter build submenu | 50 | |
| Enter hero's abilities submenu | 10 | |
| Give item / drop item | 5 | |
| Right click | 3324 | |
| Select / deselect | 333 | |
| Select group hotkey | 1756 | |
| Use ability | 334 | |
6208 total
» units
| Peasant | 16 | |
| Dragonhawk Rider | 3 | |
| Gryphon Rider | 16 | |
35 total
» upgrades
| Masonry | 3 | |
| Magic Sentry | 1 | |
| Lumber Harvesting | 2 | |
| Sorceress Training | 1 | |
| Armor | 3 | |
| Swords | 3 | |
| Animal War Training | 1 | |
| Cloud | 1 | |
| Storm Hammers | 1 | |
16 total
» buildings
| Lumber Mill | 1 | |
| Altar of Kings | 2 | |
| Farm | 10 | |
| Scout Tower | 41 | |
| Guard Tower | 19 | |
| Arcane Tower | 1 | |
| Keep | 1 | |
| Town Hall | 1 | |
| Arcane Sanctum | 1 | |
| Blacksmith | 1 | |
| Castle | 1 | |
| Barracks | 1 | |
| Arcane Vault | 1 | |
| Gryphon Aviary | 2 | |
83 total
» build order
00:14 Lumber Mill
00:39 Altar of Kings
00:40 Farm
00:43 Altar of Kings
01:19 Farm
01:43 Scout Tower
01:49 Scout Tower
02:19 Guard Tower
02:25 Arcane Tower
02:30 Scout Tower
02:37 Scout Tower
03:07 Guard Tower
03:17 Scout Tower
03:20 Scout Tower
03:55 Guard Tower
03:57 Scout Tower
03:57 Scout Tower
04:25 Guard Tower
04:32 Scout Tower
04:33 Scout Tower
05:13 Guard Tower
05:16 Scout Tower
05:16 Scout Tower
05:47 Keep
06:00 Guard Tower
06:05 Scout Tower
06:06 Scout Tower
06:34 Scout Tower
06:35 Scout Tower
06:58 Guard Tower
07:25 Guard Tower
07:27 Scout Tower
07:28 Scout Tower
07:30 Scout Tower
07:31 Scout Tower
07:32 Scout Tower
08:05 Guard Tower
08:08 Scout Tower
08:09 Scout Tower
08:14 Town Hall
08:19 Scout Tower
08:19 Scout Tower
08:20 Scout Tower
08:21 Scout Tower
08:25 Guard Tower
08:49 Guard Tower
08:52 Scout Tower
08:53 Scout Tower
09:01 Arcane Sanctum
09:06 Guard Tower
09:37 Guard Tower
09:53 Guard Tower
10:44 Guard Tower
12:18 Guard Tower
12:23 Scout Tower
12:23 Scout Tower
12:25 Scout Tower
12:25 Scout Tower
12:26 Scout Tower
12:26 Scout Tower
12:29 Blacksmith
12:32 Scout Tower
12:32 Scout Tower
12:33 Scout Tower
12:34 Scout Tower
12:35 Scout Tower
12:35 Scout Tower
12:38 Castle
14:52 Guard Tower
14:56 Guard Tower
15:41 Barracks
15:42 Arcane Vault
15:44 Gryphon Aviary
15:46 Gryphon Aviary
15:49 Guard Tower
18:18 Farm
18:18 Farm
18:19 Farm
18:19 Farm
18:20 Farm
18:20 Farm
20:44 Farm
20:44 Farm
» items
| Boots of Speed | 3 | |
| Staff of Teleportation | 2 | |
| Healing Salve | 3 | |
| Lesser Clarity Potion | 3 | |
| Potion of Healing | 1 | |
| Orb of Lightning | 2 | |
| Staff of Sanctuary | 4 | |
18 total
team 2 (loser)

»
1310HaZzZaRd (
pink | 93 APM | 5773 actions | 62:24)
3 Blademaster
2 Wind Walk
1 Critical Strike
1 Goblin Tinker
1 Pocket Factory
» actions
| Assign group hotkey | 27 | |
| Basic commands | 45 | |
| Build / train | 89 | |
| Enter build submenu | 39 | |
| Enter hero's abilities submenu | 4 | |
| Give item / drop item | 1 | |
| Right click | 3775 | |
| Select / deselect | 578 | |
| Select group hotkey | 1048 | |
| Use ability | 167 | |
5773 total
» units
| Peon | 22 | |
| Grunt | 3 | |
| Demolisher | 9 | |
| Wind Rider | 10 | |
| Troll Batrider | 17 | |
61 total
» upgrades
| Burning Oil | 1 | |
| Envenomed Spears | 1 | |
| Liquid Fire | 1 | |
| Reinforced Defenses | 1 | |
4 total
» buildings
| Altar of Storms | 1 | |
| Orc Burrow | 6 | |
| Barracks | 1 | |
| War Mill | 1 | |
| Stronghold | 1 | |
| Watch Tower | 25 | |
| Fortress | 2 | |
| Beastiary | 1 | |
| Great Hall | 1 | |
| Voodoo Lounge | 1 | |
40 total
» build order
00:07 Altar of Storms
00:19 Orc Burrow
01:00 Barracks
01:37 War Mill
02:13 Orc Burrow
02:44 Orc Burrow
04:00 Stronghold
04:18 Watch Tower
06:06 Orc Burrow
06:50 Fortress
06:57 Beastiary
07:07 Orc Burrow
07:17 Great Hall
09:52 Voodoo Lounge
12:08 Orc Burrow
16:13 Watch Tower
16:14 Watch Tower
16:15 Watch Tower
16:15 Watch Tower
36:42 Watch Tower
37:10 Watch Tower
37:14 Watch Tower
37:40 Watch Tower
37:43 Watch Tower
38:18 Watch Tower
38:21 Watch Tower
38:52 Watch Tower
38:54 Watch Tower
40:01 Watch Tower
41:16 Watch Tower
42:11 Watch Tower
42:13 Watch Tower
43:17 Watch Tower
43:21 Watch Tower
44:42 Watch Tower
44:57 Watch Tower
46:01 Watch Tower
48:18 Watch Tower
48:19 Watch Tower
» items
| Lesser Clarity Potion | 5 | |
| Potion of Healing | 2 | |
| Potion of Mana | 1 | |
| Dust of Appearance | 1 | |
| Healing Salve | 1 | |
| Orb of Lightning | 1 | |
| Staff of Teleportation | 1 | |
| Boots of Speed | 1 | |
| Tiny Great Hall | 1 | |
14 total
Angel-Cloud (
teal | 98 APM | 6104 actions | 62:21)
3 Paladin
2 Holy Light
1 Divine Shield
3 Mountain King
2 Storm Bolt
1 Bash
2 Archmage
1 Summon Water Elemental
1 Brilliance Aura
» actions
| Assign group hotkey | 45 | |
| Basic commands | 466 | |
| Build / train | 117 | |
| ESC pressed | 2 | |
| Enter build submenu | 48 | |
| Enter hero's abilities submenu | 9 | |
| Give item / drop item | 3 | |
| Remove unit from queue | 6 | |
| Right click | 1871 | |
| Select / deselect | 669 | |
| Select group hotkey | 2613 | |
| Use ability | 255 | |
6104 total
» units
| Peasant | 23 | |
| Footman | 5 | |
| Dragonhawk Rider | 16 | |
| Mortar Team | -3 | |
| Flying Machine | 6 | |
47 total
» upgrades
| Defend | 1 | |
| Cloud | 1 | |
| Lumber Harvesting | 1 | |
| Flak Cannons | 1 | |
| Masonry | 2 | |
| Magic Sentry | 1 | |
7 total
» buildings
| Altar of Kings | 1 | |
| Farm | 10 | |
| Blacksmith | 1 | |
| Scout Tower | 20 | |
| Arcane Tower | 9 | |
| Lumber Mill | 1 | |
| Barracks | 4 | |
| Keep | 1 | |
| Arcane Vault | 2 | |
| Guard Tower | 4 | |
| Gryphon Aviary | 1 | |
| Workshop | 2 | |
| Castle | 1 | |
| Arcane Sanctum | 1 | |
58 total
» build order
00:11 Altar of Kings
00:33 Farm
00:40 Blacksmith
01:59 Scout Tower
02:33 Arcane Tower
03:08 Farm
03:41 Lumber Mill
04:00 Scout Tower
04:16 Arcane Tower
04:16 Arcane Tower
04:17 Barracks
04:20 Barracks
04:23 Barracks
04:36 Keep
04:38 Farm
04:54 Barracks
05:48 Scout Tower
06:02 Arcane Vault
06:18 Guard Tower
06:26 Farm
06:51 Farm
07:10 Scout Tower
07:49 Guard Tower
08:39 Gryphon Aviary
09:01 Workshop
10:26 Arcane Tower
10:34 Castle
12:26 Arcane Sanctum
14:07 Arcane Vault
14:40 Farm
15:26 Workshop
16:27 Scout Tower
16:43 Guard Tower
17:49 Farm
17:57 Farm
18:02 Scout Tower
19:40 Farm
19:42 Guard Tower
19:44 Scout Tower
20:09 Farm
25:31 Arcane Tower
37:47 Scout Tower
37:57 Scout Tower
38:01 Scout Tower
38:07 Scout Tower
38:10 Scout Tower
38:14 Scout Tower
38:24 Scout Tower
38:55 Arcane Tower
39:21 Arcane Tower
40:23 Scout Tower
40:27 Scout Tower
40:39 Scout Tower
41:29 Arcane Tower
41:41 Scout Tower
41:47 Scout Tower
41:53 Scout Tower
42:32 Arcane Tower
» items
| Staff of Teleportation | 4 | |
| Dust of Appearance | 2 | |
| Lesser Clarity Potion | 4 | |
| Scroll of Regeneration | 3 | |
| Ivory Tower | 2 | |
| Potion of Healing | 1 | |
| Potion of Mana | 1 | |
| Staff of Sanctuary | 3 | |
| Scroll of Town Portal | 2 | |
| Orb of Fire | 2 | |
| Mechanical Critter | 7 | |
31 total
NEVer_LOse_hoPE (
orange | 35 APM | 2158 actions | 62:28)
5 Death Knight
3 Death Coil
2 Unholy Aura
2 Lich
1 Frost Nova
1 Dark Ritual
» actions
| Basic commands | 36 | |
| Build / train | 70 | |
| Enter build submenu | 25 | |
| Enter hero's abilities submenu | 7 | |
| Give item / drop item | 6 | |
| Right click | 1312 | |
| Select / deselect | 579 | |
| Use ability | 123 | |
2158 total
» units
| Acolyte | 8 | |
| Ghoul | 7 | |
| Crypt Fiend | 13 | |
| Obsidian Statue | 3 | |
| Frost Wyrm | 7 | |
38 total
» upgrades
| Creature Attack | 3 | |
| Creature Carapace | 3 | |
| Web | 1 | |
| Burrow | 1 | |
| Freezing Breath | 1 | |
9 total
» buildings
| Graveyard | 1 | |
| Crypt | 1 | |
| Ziggurat | 15 | |
| Altar of Darkness | 1 | |
| Tomb of Relics | 1 | |
| Nerubian Tower | 3 | |
| Spirit Tower | 6 | |
| Halls of the Dead | 1 | |
| Black Citadel | 1 | |
| Slaughterhouse | 1 | |
| Sacrificial Pit | 2 | |
| Boneyard | 2 | |
35 total
» build order
00:16 Graveyard
00:28 Crypt
00:52 Ziggurat
01:04 Altar of Darkness
01:28 Ziggurat
01:58 Tomb of Relics
02:33 Nerubian Tower
04:34 Ziggurat
05:34 Spirit Tower
05:36 Nerubian Tower
06:24 Ziggurat
07:56 Ziggurat
07:59 Ziggurat
08:54 Spirit Tower
08:56 Ziggurat
08:59 Halls of the Dead
09:03 Ziggurat
09:48 Ziggurat
09:55 Nerubian Tower
09:56 Spirit Tower
10:00 Ziggurat
11:20 Black Citadel
11:51 Slaughterhouse
12:48 Sacrificial Pit
13:14 Ziggurat
13:17 Ziggurat
14:09 Sacrificial Pit
14:12 Boneyard
14:15 Boneyard
14:22 Spirit Tower
16:57 Spirit Tower
16:59 Spirit Tower
34:03 Ziggurat
34:07 Ziggurat
34:07 Ziggurat
» items
| Rod of Necromancy | 1 | |
| Dust of Appearance | 1 | |
| Sacrificial Skull | 1 | |
3 total
Chat log
(00:13 / All) TIMG4STRok: hopw many dicks yall suck
(00:15 / All) TIMG4STRok: 7?
(00:16 / All) TIMG4STRok: 8?
(00:20 / All) TIMG4STRok: a lot?
(00:20 / All) Angel-Cloud: 9
(00:26 / All) TIMG4STRok: gay
(00:26 / All) 1310HaZzZaRd: a lot
(00:34 / All) TIMG4STRok: Get out of Here Queer
(00:45 / All) Angel-Cloud: nah
(00:50 / All) Angel-Cloud: nothing in the blizzard policy
(00:53 / All) Angel-Cloud: about gay people playing
(00:53 / All) Angel-Cloud: sorry
(00:55 / All) TIMG4STRok: ummm
(00:58 / All) iggy_the_fisk: BYE
(01:09 / All) BEAR_AND: actually blizzard has set a precedent
(01:11 / All) TIMG4STRok: my uncle works for blizzard and in the EULA there a strickt rule saying no homo Sexuals
(01:18 / All) BEAR_AND: they ban people w/ names with word "Gay" in it
(01:22 / All) BEAR_AND: that's a pretty clear ruling,
(01:23 / All) NEVer_LOse_hoPE: why ur uncle work there then?
(01:33 / All) TIMG4STRok: because he happily married, and have 4 kid, and fucks pussy
(01:39 / All) TIMG4STRok: OWNED!!!
(01:49 / All) NEVer_LOse_hoPE: sup?
(02:58 / All) iggy_the_fisk: not very sly
(03:01 / All) iggy_the_fisk: leave this game
(03:03 / All) 1310HaZzZaRd: u are so original
(04:20 / All) iggy_the_fisk: boy if i went to bm harass and killed 0 worker i'd just uninstall
(04:40 / All) 1310HaZzZaRd: man u have so original strategy
(05:43 / All) iggy_the_fisk: holy shit just quit
(14:42 / All) BEAR_AND: LMAO
(14:44 / All) BEAR_AND: shit noob
(17:28 / All) NEVer_LOse_hoPE: no way
(17:36 / All) iggy_the_fisk: noooooob quit
(17:37 / All) BEAR_AND: sorry you're a noop
(18:37 / All) BEAR_AND: |leave noobs
(18:44 / All) Angel-Cloud: Dude
(18:47 / All) Angel-Cloud: I'm not your mother
(18:50 / All) Angel-Cloud: I don't care if you tell me 10 times
(18:53 / All) Angel-Cloud: I'm not goign to listen to you lol
(18:54 / All) Angel-Cloud: get the hint
(18:55 / All) BEAR_AND: ?
(19:04 / All) iggy_the_fisk: here's a hint you lost this game why you still in it
(19:16 / All) Angel-Cloud: to play the game
(19:20 / All) Angel-Cloud: it's what i paid my money for when i bought it
(19:25 / All) Angel-Cloud: Not to get off wins like a nerd
(19:26 / All) BEAR_AND: hahahahahhah you paid for this game?
(19:29 / All) BEAR_AND: lmao
(19:30 / All) BEAR_AND: nerd
(19:38 / All) Angel-Cloud: no just not cheap
(20:43 / All) Angel-Cloud: ps
(20:44 / All) Angel-Cloud: U died
(21:49 / All) iggy_the_fisk: bye quit leave shitenoob
(23:54 / All) TIMG4STRok: I GOTS ME A BAT lol
(27:57 / All) BEAR_AND: ty
(28:28 / All) Angel-Cloud: dude
(28:30 / All) Angel-Cloud: do u live to play wc?
(28:33 / All) Angel-Cloud: it seems like ti really
(28:37 / All) BEAR_AND: so what you are saying is
(28:44 / All) BEAR_AND: i am magnitudes better than you
(28:48 / All) BEAR_AND: and you are a shit noob
(28:54 / All) Angel-Cloud: what im sayign is
(28:55 / All) BEAR_AND: if that's what you're asking, yes
(28:55 / All) Angel-Cloud: u care too much
(28:56 / All) Angel-Cloud: over ag aem
(28:59 / All) BEAR_AND: ok, leave
(29:00 / All) BEAR_AND: bye
(29:08 / All) BEAR_AND: you can stay for a few hours if you'd like
(29:13 / All) iggy_the_fisk: maybe u do
(29:19 / All) BEAR_AND: but all the time you spend in this game.....is time spent losing
(29:19 / All) iggy_the_fisk: I have things to do youknow
(29:21 / All) Angel-Cloud: it doesn't matter
(29:24 / All) Angel-Cloud: who wins and loses
(29:27 / All) Angel-Cloud: you're in here all the same
(29:34 / All) Angel-Cloud: if you are telling me
(29:39 / All) Angel-Cloud: a win makes an hour worth playing
(29:43 / All) Angel-Cloud: that's sad
(29:44 / All) BEAR_AND: i'm telling you i enjoy making noobs cry
(29:46 / All) BEAR_AND: like you are right now
(29:47 / All) Angel-Cloud: so?
(29:48 / All) TIMG4STRok: you spend 2 hours to lose
(29:48 / All) Angel-Cloud: 1 win?
(29:53 / All) Angel-Cloud: an average game
(29:55 / All) Angel-Cloud: is 15 min?
(29:56 / All) TIMG4STRok: what is better
(29:57 / All) iggy_the_fisk: owning nubs always does
(29:57 / All) Angel-Cloud: a win means shit
(29:59 / All) Angel-Cloud: you're just as dumb
(30:01 / All) Angel-Cloud: playing for an hour
(30:02 / All) TIMG4STRok: 2 hours for 1 win or 2 hours for 1 loss
(30:04 / All) TIMG4STRok: tell me
(30:04 / All) Angel-Cloud: and if you think a win
(30:06 / All) Angel-Cloud: makes it worht while
(30:07 / All) TIMG4STRok: which is better
(30:07 / All) BEAR_AND: well
(30:09 / All) Angel-Cloud: then you're even dumber
(30:10 / All) TIMG4STRok: no
(30:11 / All) TIMG4STRok: hush
(30:12 / All) BEAR_AND: considering we make $$$$$$$ for each replay we post
(30:14 / All) TIMG4STRok: tell me which is better
(30:16 / All) Angel-Cloud: k nvm
(30:17 / All) BEAR_AND: on our e-commerce venture
(30:19 / All) TIMG4STRok: 2 hours for a win or 2 hours for a loss
(30:19 / All) Angel-Cloud: Not gonna bother talking to idiot
(30:21 / All) BEAR_AND: http://highper.ch
(30:22 / All) iggy_the_fisk: if i had to lose and then try t save face by typing a bunch of words i'd just quit
(30:23 / All) BEAR_AND: it's worth it
(30:25 / All) TIMG4STRok: which one is better
(30:35 / All) TIMG4STRok: because we are getting the win and you are getting the loss
(30:36 / All) BEAR_AND: i mean i made $213 usd this month
(30:36 / All) Angel-Cloud: niether
(30:38 / All) BEAR_AND: and that' sjust me
(30:39 / All) TIMG4STRok: so which one is better????
(30:39 / All) Angel-Cloud: iwn/loss for an hour
(30:42 / All) Angel-Cloud: borth not worht while
(30:43 / All) Angel-Cloud: lol green
(30:46 / All) Angel-Cloud: I could give less of a shit
(30:47 / All) Angel-Cloud: about your lies
(30:48 / All) BEAR_AND: lmao
(30:51 / All) TIMG4STRok: ROFl
(30:51 / All) BEAR_AND: what's your aim/msn?
(30:55 / All) BEAR_AND: i'll send you a screenshot
(30:56 / All) TIMG4STRok: http://highper.ch
(30:57 / All) Angel-Cloud: why would
(30:58 / All) Angel-Cloud: i give you
(31:00 / All) BEAR_AND: of my revenue page
(31:00 / All) Angel-Cloud: my msn?
(31:05 / All) TIMG4STRok: this milennium will be DOMINATED by e-entrprenuers
(31:06 / All) Angel-Cloud: LMAO
(31:07 / All) BEAR_AND: ok, you don't have to believe me
(31:08 / All) iggy_the_fisk: you wouldn't cause you a huge nerd
(31:11 / All) Angel-Cloud: ok
(31:13 / All) Angel-Cloud: good luck
(31:14 / All) Angel-Cloud: makign a living
(31:15 / All) iggy_the_fisk: and you afraid
(31:18 / All) BEAR_AND: just know i'm making 9-10 dollars on this game
(31:22 / All) TIMG4STRok: welcome to the future of today
(31:23 / All) BEAR_AND: it's not a living....it's supplemental income
(32:42 / All) TIMG4STRok: hey only took you 45 miuntes to figure out how to beat staff
(33:02 / All) NEVer_LOse_hoPE: FUN being a vergin?
(33:06 / All) Angel-Cloud: LMAO
(33:12 / All) BEAR_AND: hahahhahahahaha
(33:28 / All) iggy_the_fisk: where you live
(33:51 / All) iggy_the_fisk: surprise nerds don't have the balls to reveal their general location
(34:02 / All) iggy_the_fisk: they may some day have to speak to someone in real life maybe
(35:18 / All) TIMG4STRok: All Niggers: You Obviously Not Good
(36:15 / All) TIMG4STRok: stop
(36:16 / All) TIMG4STRok: nomw
(36:17 / All) TIMG4STRok: halt
(36:18 / All) TIMG4STRok: Cease
(36:20 / All) TIMG4STRok: STOP IT
(38:10 / All) TIMG4STRok: suck on my ball
(38:22 / All) NEVer_LOse_hoPE: more proof:P
(38:35 / All) Angel-Cloud: niec mh green
(38:41 / All) BEAR_AND: lmfao
(38:44 / All) Angel-Cloud: nmice pikrt
(38:49 / All) Angel-Cloud: epic fial
(39:01 / All) TIMG4STRok: suck on this one
(39:05 / All) TIMG4STRok: Attard Noob
(39:41 / All) BEAR_AND: lmao
(43:40 / All) Angel-Cloud: AHAHAHHA
(43:58 / All) TIMG4STRok: shit noobs
(44:13 / All) iggy_the_fisk: thank you for visiting www.highper.ch
(51:48 / All) TIMG4STRok: you guys suck at perching damn
(51:58 / All) NEVer_LOse_hoPE: haha
(51:58 / All) BEAR_AND: you know we invented this right
(51:59 / All) Angel-Cloud: you guys mh
(52:00 / All) Angel-Cloud: hardcore
(52:00 / All) iggy_the_fisk: please read the guide at www.highper.ch before attempting noobs bye
(52:03 / All) NEVer_LOse_hoPE: this is a game
(52:07 / All) Angel-Cloud: turn off mh
(52:08 / All) Angel-Cloud: next time
(52:10 / All) BEAR_AND: lmfao
(52:11 / All) BEAR_AND: leave
(52:12 / All) BEAR_AND: bye
(52:15 / All) Angel-Cloud: you just blizzewd
(52:17 / All) Angel-Cloud: a bunch of fiends
(52:21 / All) TIMG4STRok: hawk has true sight
(52:22 / All) TIMG4STRok: Retard
(52:22 / All) Angel-Cloud: without even looking
(52:25 / All) Angel-Cloud: you spawned hawk
(52:29 / All) Angel-Cloud: after
(52:31 / All) Angel-Cloud: U blizzed
(52:32 / All) Angel-Cloud: retard
(52:37 / All) TIMG4STRok: i blizz 3 farms and altar
(52:38 / All) iggy_the_fisk: have you seen an arcane tower
(52:39 / All) TIMG4STRok: noob shit
(52:43 / All) Angel-Cloud: ya
(52:44 / All) iggy_the_fisk: with the arcane sentry upgrade
(52:45 / All) BEAR_AND: watch the replay, it will be available at http://highper.ch :)
(52:46 / All) Angel-Cloud: and i also saw one never go off
(52:52 / All) TIMG4STRok: that was the most buildings i could blizz at once
(52:56 / All) TIMG4STRok: i.e. most damage i could do
(53:01 / All) TIMG4STRok: what else am i going to blizz retard noob shit
(53:09 / All) BEAR_AND: there is also a guide i recommend you read before attempting to perch again (click "highperching"
(53:19 / All) iggy_the_fisk: well you might tp away to a perch then lose your entire army + heroes
(53:23 / All) iggy_the_fisk: is what they like to do sometimes
(54:25 / All) Angel-Cloud: you invented this?
(54:28 / All) TIMG4STRok: yes.,
(54:29 / All) Angel-Cloud: congratulations
(54:30 / All) BEAR_AND: yes about 2 years ago
(54:30 / All) iggy_the_fisk: www.highper.ch
(54:31 / All) Angel-Cloud: you're quit egay
(54:32 / All) Angel-Cloud: see
(54:35 / All) Angel-Cloud: we faced a bunch of fags
(54:36 / All) BEAR_AND: how did you hear of it
(54:36 / All) Angel-Cloud: who did this
(54:42 / All) Angel-Cloud: a few days abck
(54:43 / All) NEVer_LOse_hoPE: you guys po?
(54:44 / All) BEAR_AND: lmao
(54:45 / All) Angel-Cloud: and it's a cool strat
(54:47 / All) Angel-Cloud: all and all
(54:51 / All) Angel-Cloud: with one small issue
(54:53 / All) Angel-Cloud: each time you do this
(54:56 / All) Angel-Cloud: yo uwaste an hour +
(54:59 / All) BEAR_AND: waste?
(54:59 / All) Angel-Cloud: and if your stupid enough
(55:01 / All) Angel-Cloud: to bother everytime
(55:04 / All) Angel-Cloud: lol your pritty sad
(55:05 / All) BEAR_AND: i get a win, some money, and make noobs cry
(55:08 / All) BEAR_AND: all of those are good :)
(55:10 / All) iggy_the_fisk: yea if you suck at it and lose and try to kill a hero for 1 hr and fail to staff
(55:11 / All) Angel-Cloud: lol
(55:14 / All) Angel-Cloud: a life
(55:15 / All) Angel-Cloud: is also good
(55:16 / All) Angel-Cloud: you know?
(55:18 / All) NEVer_LOse_hoPE: wat?
(55:19 / All) Angel-Cloud: friends, go out?
(55:24 / All) NEVer_LOse_hoPE: you get paid 2 be a dik?
(55:28 / All) Angel-Cloud: girlfriend
(55:29 / All) Angel-Cloud: you know..
(55:31 / All) iggy_the_fisk: Like you do, that's why you never give out aim to anyone
(55:40 / All) BEAR_AND: where you all from?
(55:42 / All) Angel-Cloud: i don't like to give it off people
(55:44 / All) Angel-Cloud: who place wc > life
(55:45 / All) Angel-Cloud: ya.
(55:49 / All) BEAR_AND: england
(55:50 / All) BEAR_AND: lmao
(55:54 / All) BEAR_AND: go to northrend thanks
(55:59 / All) NEVer_LOse_hoPE: hahaha
(56:00 / All) Angel-Cloud: lol
(56:02 / All) Angel-Cloud: or do as he wishes
(56:02 / All) Angel-Cloud: tnx
(56:05 / All) Angel-Cloud: ya really lol
(56:16 / All) BEAR_AND: well you won't face me as often on northrend...
(56:24 / All) NEVer_LOse_hoPE: hahah
(56:25 / All) NEVer_LOse_hoPE: man
(56:27 / All) NEVer_LOse_hoPE: go die
(56:29 / All) Angel-Cloud: its not a problem
(56:29 / All) BEAR_AND: lmao
(56:30 / All) Angel-Cloud: see...
(56:30 / All) BEAR_AND: angry?
(56:32 / All) Angel-Cloud: because the chance
(56:34 / All) Angel-Cloud: of getting this map
(56:37 / All) Angel-Cloud: is not as big as the others
(56:39 / All) NEVer_LOse_hoPE: dont talk about been angry
(56:39 / All) Angel-Cloud: and let's be honest
(56:44 / All) Angel-Cloud: I'd love to hammer you in another map
(56:49 / All) Angel-Cloud: i mean from the micro i saw blue show
(56:50 / All) BEAR_AND: is about 1 in 7 assuming no thumbs
(56:54 / All) NEVer_LOse_hoPE: u fucking noobs have no other thing to do than play wc all day
(57:00 / All) NEVer_LOse_hoPE: fat 50 year old bastards
(57:03 / All) Angel-Cloud: LMAO
(57:05 / All) BEAR_AND: i'm 20 actually sorry
(57:06 / All) NEVer_LOse_hoPE: do the world a favour and die
(57:09 / All) Angel-Cloud: ROFL
(57:09 / All) Angel-Cloud: ROFL
(57:09 / All) BEAR_AND: angry?
(57:10 / All) Angel-Cloud: ROFL
(57:10 / All) Angel-Cloud: ROFL
(57:11 / All) Angel-Cloud: ROFL
(57:11 / All) Angel-Cloud: ROFL
(57:12 / All) Angel-Cloud: ROFL
(57:12 / All) Angel-Cloud: ROFL
(57:14 / All) Angel-Cloud: YOUR 20
(57:16 / All) iggy_the_fisk: Tyler Kerr from Toronto
(57:17 / All) Angel-Cloud: TALKING LIK
(57:19 / All) iggy_the_fisk: where you from
(57:20 / All) Angel-Cloud: A 13 year old
(57:21 / All) Angel-Cloud: POSTING
(57:22 / All) Angel-Cloud: REPLAYS
(57:22 / All) Angel-Cloud: ONLINE
(57:23 / All) Angel-Cloud: FOR MONEY
(57:25 / All) TIMG4STRok: have fun, staying in a game
(57:26 / All) Angel-Cloud: AHAHHAHAHAHAHAHAHAHHAHAHAHA
(57:27 / All) TIMG4STRok: As i fuck a pussy
(57:28 / All) Angel-Cloud: hey hey guys
(57:29 / All) Angel-Cloud: keep it up
(57:32 / All) Angel-Cloud: I have faith in you
(57:37 / All) Angel-Cloud: you may just make it
(57:40 / All) Angel-Cloud: to 40 year old virgins
(57:46 / All) NEVer_LOse_hoPE: hey i failed school but im good at wc
(57:52 / All) BEAR_AND: lmao
(57:52 / All) NEVer_LOse_hoPE: cna i have a job?
(58:03 / All) BEAR_AND: keep trying
(58:07 / All) NEVer_LOse_hoPE: why your buddy quit?
(58:18 / All) BEAR_AND: he's going out
(59:11 / All) BEAR_AND: gg
(59:16 / All) Angel-Cloud: you leaving?
(59:19 / All) BEAR_AND: nope you are
(59:21 / All) Angel-Cloud: I'd be emberassed
(59:24 / All) Angel-Cloud: saying all the shit you said
(59:27 / All) Angel-Cloud: and having people watch it
(59:32 / All) BEAR_AND: why?
(59:36 / All) Angel-Cloud: because you sound
(59:39 / All) Angel-Cloud: like a hardcore looser
(59:47 / All) iggy_the_fisk: come on vent
(59:49 / All) iggy_the_fisk: find out
(59:50 / All) Angel-Cloud: I POST THIS ONLINE KTNX
(59:51 / All) Angel-Cloud: NOOBS
(59:52 / All) Angel-Cloud: KTNX
(59:54 / All) Angel-Cloud: like...
(59:55 / All) Angel-Cloud: man lol
(59:57 / All) Angel-Cloud: that's like nerd lingo 101
(59:58 / All) BEAR_AND: silver.typefrag.com 32012
(60:06 / All) iggy_the_fisk: let's chat about it
(61:47 / All) NEVer_LOse_hoPE: :/
(61:58 / All) BEAR_AND: yeah that's ownage kyle
(61:58 / All) iggy_the_fisk: come on vent
(61:59 / All) iggy_the_fisk: Nerd
(62:06 / All) NEVer_LOse_hoPE: WTF
(62:07 / All) Angel-Cloud: "yeah that's ownage kyle"
(62:10 / All) Angel-Cloud: and you dare say nerd
(62:12 / All) Angel-Cloud: well here's a tip off
(62:15 / All) Angel-Cloud: "Ownage"
(62:17 / All) Angel-Cloud: don't get you pussy
(62:23 / All) iggy_the_fisk: Bla bla bla
(62:27 / All) iggy_the_fisk: can't even talk to a stanger